 Dungeon Crawl Stone Soup version 0.19.5 (webtiles) character file.

9341 Shoikan the Basher (level 11, -11/101 (102) HPs)
             Began as a Minotaur Berserker on Mar 20, 2017.
             Was a High Priest of Trog.
             Splashed by an oklob plant's acid (13 damage)
             ... on level 10 of the Dungeon.
             The game lasted 00:41:54 (10481 turns).

Shoikan the Basher (Minotaur Berserker)            Turns: 10481, Time: 00:41:54

HP:   -11/101 (102) AC:  9    Str: 23    XL:     11   Next: 21%
MP:   10/10         EV:  8    Int:  4    God:    Trog [*****.]
Gold: 430           SH:  0    Dex: 12    Spells: 0 memorised, 10 levels left

rFire  . . .     SeeInvis .     i - +1 mace (flame)
rCold  . . .     Gourm    .     o - +0 plate armour
rNeg   . . .     Faith    .     (no shield)
rPois  .         Spirit   .     (helmet restricted)
rElec  .         Reflect  .     v - +0 cloak
rCorr  .         Harm     .     F - +0 pair of gloves
MR     .....                    (no boots)
Stlth  ..........               (no amulet)
                                (no ring)
                                u - ring of stealth

@: corroded
A: retaliatory headbutt, horns 2
a: Berserk, Trog's Hand, Brothers in Arms, Burn Spellbooks, Renounce Religion


You were on level 10 of the Dungeon.
You worshipped Trog.
Trog was extremely pleased with you.
You were not hungry.

You visited 1 branch of the dungeon, and saw 10 of its levels.

You collected 430 gold pieces.

Inventory:

Hand Weapons
 i - a +1 mace of flaming (weapon)
 w - a +0 morningstar
 B - a +0 dire flail
Armour
 o - a +0 plate armour (worn)
 v - a +0 cloak (worn)
 F - a +0 pair of gloves (worn)
Jewellery
 u - a ring of stealth (left hand)
Wands
 b - a wand of flame (23/48)
 q - a wand of lightning (10/15)
 s - a wand of flame (15/48)
 y - a wand of enslavement (11/24)
 A - a wand of iceblast (2/15)
Scrolls
 a - a scroll of remove curse
 n - 3 scrolls of enchant weapon
 r - 2 scrolls of immolation
 t - a scroll of magic mapping {unknown}
 C - a scroll of noise {unknown}
 D - a scroll of blinking
Potions
 d - a potion of flight
 e - a potion of brilliance
 f - a potion of invisibility {unknown}
 h - 2 potions of haste
 j - 4 potions of mutation
 k - a potion of might {unknown}
 m - 6 potions of curing
 p - a potion of beneficial mutation {unknown}
Comestibles
 c - 8 bread rations
 g - a slice of pizza
 l - 5 meat rations
 x - 2 beef jerkies
 z - 7 fruits
 E - 6 chunks of flesh


   Skills:
 * Level 11.3 Fighting
 - Level 14.5 Maces & Flails
 + Level 10.1 Armour
 + Level 3.1 Dodging
 - Level 0.1 Stealth


You had 10 spell levels left.
You didn't know any spells.

Dungeon Overview and Level Annotations

Branches:
Dungeon (10/15)            Temple (0/1) D:7            Lair (0/6) D:9
    Orc: D:9-12

Altars:
Ashenzari
Cheibriados
Dithmenos
Fedhas
Gozag
Hepliaklqana
Kikubaaqudgha
Nemelex Xobeh
Qazlal
Ru
Uskayaw
The Shining One

Portals:
Trove: D:10 (give +7 demon trident)

Annotations:
D:10 exclusion: 2 oklob plants


Innate Abilities, Weirdness & Mutations

You reflexively headbutt those who attack you in melee.
You have a pair of horns on your head.


Message History

The splash of acid hits you! The acid corrodes you!
You are splashed with acid!
The acid burns!
You hit the oklob plant but do no damage.
You headbutt the oklob plant, but do no damage.
The oklob plant is moderately damaged.
The oklob plant spits acid at you. The splash of acid hits you!
You are splashed with acid!
The acid burns!
* * * LOW HITPOINT WARNING * * *
You hit the oklob plant but do no damage.
The oklob plant is moderately damaged.
The oklob plant spits acid at you. The splash of acid hits you!
* * * LOW HITPOINT WARNING * * *
You are splashed with acid!
The acid burns!
* * * LOW HITPOINT WARNING * * *
The oklob plant spits acid at you. The splash of acid hits you!
* * * LOW HITPOINT WARNING * * *
The acid corrodes you!
You are splashed with acid!
The acid burns!
You die...

#...# # #...# # #...# #
#...####### #...####
#.(........ #. #.......
#........♣♣♣ ♣.. #..>....
#.......♣♣.♣♣♣♣♣♣♣
♣.####..#####
#.......♣.♣.♣♣P$%♣♣♣.......#
#.......♣♣.♣♣ ♣@_%♣♣.......#
##.......♣.♣.♣♣♣.%$♣♣.......#
....)....♣.♣♣.♣..♣P♣♣.......#
.......<..♣♣.♣.♣♣♣♣♣♣.......#
##.......♣♣♣♣.♣♣ ♣.......#
#........♣♣♣♣♣ #.......#
#............# #.......#
#.(..........# #.......#
#........)...# #.......#


You could see 2 oklob plants.

Vanquished Creatures
  An unseen horror (D:9)
  A hill giant (D:8)
  A deep elf mage (D:9)
  The ghost of MirrMurr the Grappler, a novice TrAM of Okawaru (D:4)
  Grinder (D:5)
  A two-headed ogre (D:8)
  3 hippogriffs
  A spriggan (D:7)
  14 yaks
  A water moccasin (D:9)
  2 ice beasts
  2 orc warriors
  A sky beast (D:8)
  6 ogres
  2 necrophages
  6 centaurs
  2 big kobolds
  8 bullfrogs
  A wyvern zombie (D:8)
  A wyvern skeleton (D:9)
  6 scorpions
  8 wights
  3 howler monkeys
  5 crimson imps
  A bullfrog zombie (D:9)
  A centaur zombie (D:6)
  A quasit (D:6)
  6 hounds
  An orc priest (D:7)
  2 jellies
  A bullfrog skeleton (D:9)
  5 orc wizards
  Terence (D:2)
  Jessica (D:2)
  4 iguanas
  7 worker ants
  A hound skeleton (D:3)
  2 worker ant zombies
  5 adders
  3 shadow imps
  An ooze (D:2)
  2 adder skeletons (D:6)
  An adder zombie (D:8)
  5 worms
  2 dart slugs
  8 leopard geckos
  19 orcs
  2 ball pythons
  4 bats
  10 giant cockroaches
  9 goblins
  8 hobgoblins
  14 jackals
  3 quokkas
  5 frilled lizards
  A jackal zombie (D:9)
  13 kobolds
  A quokka skeleton (D:9)
  10 rats
238 creatures vanquished.

Vanquished Creatures (collateral kills)
  A yak (D:9)
1 creature vanquished.

Grand Total: 239 creatures vanquished

Notes
Turn   | Place    | Note
-------+----------+-------------------------------------------
     0 | D:1      | Shoikan the Minotaur Berserker began the quest for the Orb.
     0 | D:1      | Reached XP level 1. HP: 19/19 MP: 0/0
   200 | D:1      | Reached XP level 2. HP: 25/27 MP: 1/1
   250 | D:1      | Reached skill level 4 in Maces & Flails
   347 | D:1      | Found a shattered altar of Ashenzari.
   667 | D:2      | Reached ** piety under Trog
   776 | D:2      | Noticed Terence
   785 | D:2      | Killed Terence
   785 | D:2      | Reached skill level 5 in Maces & Flails
   785 | D:2      | Reached XP level 3. HP: 33/33 MP: 2/2
   878 | D:2      | Reached XP level 4. HP: 35/40 MP: 3/3
  1116 | D:2      | Noticed Jessica
  1147 | D:2      | Killed Jessica
  1147 | D:2      | Reached skill level 6 in Maces & Flails
  1493 | D:2      | Found a sacrificial altar of Ru.
  1506 | D:2      | Reached *** piety under Trog
  1538 | D:2      | Found a glowing golden altar of the Shining One.
  1538 | D:2      | Found a shadowy altar of Dithmenos.
  1538 | D:2      | Found a snail-covered altar of Cheibriados.
  1539 | D:2      | Found an opulent altar of Gozag.
  1539 | D:2      | Found an ancient bone altar of Kikubaaqudgha.
  1688 | D:3      | Reached XP level 5. HP: 46/46 MP: 4/4
  2162 | D:3      | Reached skill level 7 in Maces & Flails
  2439 | D:4      | Noticed MirrMurr's ghost (novice TrAM)
  2451 | D:4      | Killed MirrMurr's ghost
  2451 | D:4      | Reached skill level 9 in Maces & Flails
  2451 | D:4      | Reached XP level 6. HP: 45/52 MP: 5/5
  2592 | D:4      | Found a hazy altar of Hepliaklqana.
  2725 | D:4      | Reached XP level 7. HP: 57/59 MP: 6/6
  2966 | D:4      | Reached skill level 10 in Maces & Flails
  3044 | D:5      | Entered Level 5 of the Dungeon
  3195 | D:5      | Noticed Grinder
  3201 | D:5      | Paralysed by Grinder for 6 turns
  3477 | D:5      | Killed Grinder
  3477 | D:5      | Reached skill level 11 in Maces & Flails
  3587 | D:5      | Reached XP level 8. HP: 62/66 MP: 7/7
  3654 | D:5      | Found a sparkling altar of Nemelex Xobeh.
  4189 | D:6      | Found a sacrificial altar of Ru.
  4205 | D:6      | Reached skill level 12 in Maces & Flails
  4333 | D:6      | Found a hazy altar of Hepliaklqana.
  4770 | D:6      | Reached **** piety under Trog
  4983 | D:6      | Reached skill level 13 in Maces & Flails
  5593 | D:7      | Found a staircase to the Ecumenical Temple.
  5642 | D:7      | Reached XP level 9. HP: 71/71 MP: 8/8
  5723 | D:7      | Reached skill level 14 in Maces & Flails
  5909 | D:7      | Found a hide-covered altar of Uskayaw.
  5909 | D:7      | Noticed a hand axe
  5909 | D:7      | Noticed a dagger
  6308 | D:8      | HP: 4/108 [wyvern zombie (9)]
  6309 | D:8      | Reached skill level 5 in Fighting
  6644 | D:8      | Found a stormy altar of Qazlal.
  6725 | D:8      | Noticed a hill giant
  6735 | D:8      | Killed a hill giant
  6735 | D:8      | Reached skill level 5 in Armour
  7412 | D:8      | Reached XP level 10. HP: 85/85 MP: 9/9
  8027 | D:9      | Reached ***** piety under Trog
  8260 | D:9      | Found a staircase to the Lair.
  8682 | D:9      | Noticed a deep elf mage
  8694 | D:9      | Killed a deep elf mage
  8694 | D:9      | Reached skill level 10 in Fighting
  9145 | D:9      | Killed an unseen horror
  9460 | D:9      | Got a bone mace
  9618 | D:10     | Entered Level 10 of the Dungeon
  9635 | D:10     | Reached XP level 11. HP: 100/100 MP: 10/10
  9919 | D:10     | Found a portal to a secret trove of treasure.
 10090 | D:10     | Reached skill level 10 in Armour
 10471 | D:10     | Found a blossoming altar of Fedhas.
 10473 | D:10     | Noticed an oklob plant
 10473 | D:10     | Noticed an oklob plant
 10481 | D:10     | HP: 2/101 [oklob plant/splash of acid (8)]
 10481 | D:10     | Splashed by an oklob plant's acid

Skill      XL: |  1  2  3  4  5  6  7  8  9 10 11 |
---------------+----------------------------------+-----
Fighting       | 4 7 10 11 | 11.3
Maces & Flails | 5 6 9 11 13 14 | 14.5
Armour         | 6 9 10 | 10.1
Dodging        | 3 |  3.1
Stealth        | |  0.1

Action                   |  1- 3 |  4- 6 |  7- 9 | 10-12 || total
-------------------------+-------+-------+-------+-------++-------
Melee: Mace              |    62 |   144 |   313 |   271 ||   790
       Headbutt          |     5 |    16 |    51 |    72 ||   144
Invok: Berserk           |     1 |     1 |     3 |     1 ||     6
       Burn Spellbooks   |       |       |     1 |     1 ||     2
       Brothers in Arms  |       |       |       |     1 ||     1
  Use: Scroll            |       |     7 |     9 |       ||    16
       Potion            |       |       |     1 |       ||     1
  Eat: Chunk             |       |     8 |    18 |    11 ||    37
Armor: Animal skin       |     2 |       |       |       ||     2
       Leather armour    |     6 |       |       |       ||     6
       Scale mail        |     8 |    47 |       |       ||    55
       Plate armour      |       |    45 |   166 |   167 ||   378
Dodge: Dodged            |    48 |    82 |    95 |   103 ||   328
